 Dungeon Crawl Stone Soup version 0.29.1-2-gbd0b4ee654 (webtiles) character file.

Game seed: 13095481977458558476

601 zeram the Sneak (level 7, -5/34 HPs)
             Began as a Spriggan Brigand on Oct 28, 2022.
             Shot with an arrow by a centaur (12 damage)
             ... on level 6 of the Dungeon.
             The game lasted 00:12:18 (6828 turns).

zeram the Sneak (Spriggan Brigand)                  Turns: 6828, Time: 00:12:19

Health: -5/34      AC:  3    Str: 13    XL:     7   Next: 18%
Magic:  13/13      EV: 19    Int: 14    God:
Gold:   286        SH:  0    Dex: 17    Spells: 12/12 levels left

rFire   . . .      SeeInvis +   f - +4 dagger
rCold   . . .      Faith    .   (no shield)
rNeg    . . .      Spirit   .   b - +0 robe
rPois   .          Reflect  .   (helmet restricted)
rElec   .          Harm     .   c - +0 cloak
rCorr   .          Rampage  .   (gloves unavailable)
Will    +....                   (boots unavailable)
Stlth   +++.......              q - amulet of magic regeneration
HPRegen 0.11/turn               l - +6 ring of strength
MPRegen 0.53/turn               (no ring)

@: studying Spellcasting, very quick
A: very small, no large weapons, unfitting armour, see invisible, speed 3
a: no special abilities


You were on level 6 of the Dungeon.
You visited 1 branch of the dungeon, and saw 6 of its levels.

You collected 286 gold pieces.

Inventory:

Hand Weapons
 a - a +2 dagger
 f - a +4 dagger (weapon)
Missiles
 d - 7 poisoned darts (quivered)
 e - 16 curare-tipped darts
Armour
 b - a +0 robe (worn)
 c - a +0 cloak (worn)
Jewellery
 l - a +6 ring of strength (left hand)
 o - a ring of flight
 q - an amulet of magic regeneration (around neck)
 r - an amulet of the acrobat
Wands
 s - a wand of charming (5)
 t - a wand of digging (1)
 y - a wand of roots (11)
Scrolls
 h - a scroll of teleportation
 i - a scroll of magic mapping
 u - 2 scrolls of identify
 w - a scroll of poison {unknown}
 z - a scroll of acquirement {unknown}
Potions
 g - 3 potions of flight
 j - 2 potions of brilliance
 k - 3 potions of cancellation
 m - a potion of degeneration {unknown}
 n - 2 potions of magic
 p - a potion of resistance {unknown}
 v - 3 potions of haste {unknown}
 x - a potion of heal wounds {unknown}
 A - a potion of lignification {unknown}


   Skills:
 - Level 1.7 Fighting
 + Level 6.0 Short Blades
 - Level 2.0 Throwing
 + Level 4.6 Dodging
 - Level 6.6 Stealth
 * Level 3.4 Spellcasting
 * Level 2.2 Summonings


You had 12 spell levels left.
You didn't know any spells.
Your spell library contained the following spells:

 Spells                   Type           Power      Damage    Failure   Level
 Sublimation of Blood     Necr           2%         N/A       30%         2
 Wereblood                Tmut           2%         N/A       30%         2
 Stone Arrow              Conj/Erth      4%         3d7       52%         3
 Animate Armour           Summ/Erth      10%        N/A       77%         4
 Summon Hydra             Summ           4%         N/A       100%        7
 Lehudib's Crystal Spear  Conj/Erth      1%         10d2      100%        8


Dungeon Overview and Level Annotations

Branches:
Dungeon (6/15)
 Temple: D:4-7

Altars:
Gozag
Zin

Shops:
D:2 (


Innate Abilities, Weirdness & Mutations

You are very small and have problems with some larger weapons.
You are too small for most types of armour.
You have supernaturally acute eyesight. (SInv)
You cover ground extremely quickly. (Speed+++)


Message History

Done exploring.
Done exploring.
Done exploring.
Done exploring.
Done exploring.
Done exploring.
Done exploring.
Done exploring.
Done exploring.
Done exploring.
(D) Dungeon
Where to? (Enter - D:5, ? - help)
There is an escape hatch in the floor here.
You see here a +0 chain mail.
There is a stone staircase leading down here.
You climb downwards.
There is a stone staircase leading up here.
There are monsters nearby!
There are monsters nearby!
There are monsters nearby!
There are monsters nearby!
There are monsters nearby!
A hound comes into view.
Found a scroll labelled MUHALI QELA.
The centaur shouts!
The hound barks!
The ogre shouts!
The centaur wields a +0 shortbow.
The centaur shoots an arrow.
The arrow hits you!
The centaur shoots an arrow.
The arrow misses you.
You barely miss the ogre. The ogre barely misses you.
The centaur shoots an arrow.
The arrow hits you.
The centaur shoots an arrow.
The arrow hits you!
* * * LOW HITPOINT WARNING * * *
The hound completely misses you.
The centaur shoots an arrow.
The arrow completely misses you.
Unknown command.
The centaur shoots an arrow.
The arrow misses you.
There is a stone staircase leading up here.
The hound closely misses you.
The centaur shoots an arrow.
The arrow hits you!
You die...

.............##
..............#
.............#
...........
###........
#........#
#?.......##
#......Oh@#
#................
####....#.##.####
#....#... ..
#....#.##.###
#..c.#.. ..
#....#.# .
#....#.#


You could see an ogre, a centaur and a hound.

Vanquished Creatures
  A black bear (D:4)
  A kobold brigand (D:4)
  A necrophage (D:5)
  A hound (D:4)
  A jelly (D:5)
  An orc priest (D:3)
  Ijyb (D:4)
  Natasha (thrice) (D:3)
  8 adders
  An ufetubus (D:4)
  2 worms (D:2)
  5 orcs
  9 ball pythons
  7 endoplasms
  13 giant cockroaches
  5 goblins
  6 hobgoblins
  14 jackals
  3 quokkas
  8 bats
  3 frilled lizards
  9 kobolds
  6 rats
109 creatures vanquished.

Notes
Turn   | Place    | Note
-------+----------+-------------------------------------------
     0 | D:1      | zeram the Spriggan Brigand began the quest for the Orb.
     0 | D:1      | Reached XP level 1. HP: 10/10 MP: 2/2
   159 | D:1      | Reached XP level 2. HP: 15/15 MP: 3/3
   914 | D:1      | Reached XP level 3. HP: 16/18 MP: 4/4
  1060 | D:2      | Found Desix's Antique Weapon Emporium.
  1568 | D:2      | Reached skill level 1 in Summonings
  1614 | D:2      | Reached XP level 4. HP: 11/23 MP: 5/5
  2749 | D:3      | Reached XP level 5. HP: 10/26 MP: 6/6
  3237 | D:3      | Noticed Natasha
  3245 | D:3      | Killed Natasha
  3631 | D:3      | Reached skill level 1 in Spellcasting
  3746 | D:3      | Noticed Natasha
  4025 | D:3      | Killed Natasha
  4300 | D:3      | Noticed Natasha
  4309 | D:3      | Killed Natasha
  4961 | D:4      | Reached XP level 6. HP: 30/30 MP: 9/9
  4979 | D:4      | Reached skill level 5 in Short Blades
  5482 | D:4      | Noticed Ijyb
  5505 | D:4      | Killed Ijyb
  5590 | D:4      | Found a glowing silver altar of Zin.
  5618 | D:4      | Found an opulent altar of Gozag.
  5877 | D:5      | Entered Level 5 of the Dungeon
  6067 | D:5      | Reached XP level 7. HP: 27/34 MP: 12/12
  6828 | D:6      | Shot with an arrow by a centaur

Illustrated notes

Levels and vault maps discovered:
D:1:      dpeg_arrival_rooms_with_view, layout_basic
D:2:      minmay_roachtagon, layout_loops_ring, serial_shops,
          nicolae_shop_hallway_stairs
D:3:      minmay_wonky_spiral, layout_basic, uniq_natasha
D:4:      layout_gridville, pdpol_temple_overflow_zin_treasury_gozag_greed,
          minmay_manual_monstrance, uniq_ijyb
D:5:      layout_basic, serial_glass, glass_columns_b, glass_columns_a,
          glass_columns_a, glass_columns_a
D:6:      layout_basic, tgw_kikubaaqudgha, st_stairs_3,
          kennysheep_generic_room_3

Skill      XL: |  1  2  3  4  5  6  7 |
---------------+----------------------+-----
Stealth        | 6 |  6.6
Short Blades   | 3 4 5 6 |  6.0
Summonings     | 1 2 |  2.2
Dodging        | 2 3 4 |  4.6
Spellcasting   | 1 3 |  3.4
Fighting       | |  1.7
Throwing       | |  2.0

Action                   |  1- 3 |  4- 6 |  7- 9 || total
-------------------------+-------+-------+-------++-------
Melee: Dagger            |   157 |   224 |     6 ||   387
       Punch             |       |     1 |       ||     1
Throw: Dart              |       |    20 |     5 ||    25
Evoke: Wand              |       |       |     1 ||     1
  Use: Scroll            |     5 |     7 |       ||    12
       Potion            |       |     2 |       ||     2
 Stab: Sleeping          |    14 |    23 |       ||    37
Armor: Robe              |    29 |    15 |     1 ||    45
Dodge: Dodged            |   127 |   134 |     9 ||   270
